 Dungeon Crawl Stone Soup version 0.29.1-2-gbd0b4ee654 (webtiles) character file.

Game seed: 3967896877538294040

22 Zeld the Shooter (level 3, -7/30 HPs)
             Began as a Meteoran Hunter on Oct 28, 2022.
             Mangled by a gnoll
             ... wielding a +0 halberd
              (13 damage)
             ... on level 2 of the Dungeon.
             The game lasted 00:00:34 (286 turns).

Zeld the Shooter (Meteoran Hunter)                   Turns: 286, Time: 00:00:36

Health: -7/30      AC:  3    Str: 12    XL:     3   Next: 23%
Magic:  4/4        EV: 12    Int: 11    God:
Gold:   43         SH:  0    Dex: 19    Spells: 2/2 levels left

rFire   . . .      SeeInvis .   a - +0 shortbow
rCold   . . .      Faith    .   (shield currently unavailable)
rNeg    . . .      Spirit   .   c - +0 leather armour
rPois   .          Reflect  .   (no helmet)
rElec   .          Harm     .   (no cloak)
rCorr   .          Rampage  .   (no gloves)
Will    .....                   (no boots)
Stlth   +.........              (no amulet)
HPRegen 0.10/turn               (no ring)
MPRegen 0.09/turn               (no ring)

@: glowing
A: sense surroundings 1, otherworldly, glowing, explore regen
a: no special abilities


You were on level 2 of the Dungeon.
You visited 1 branch of the dungeon, and saw 2 of its levels.

You collected 43 gold pieces.

Inventory:

Hand Weapons
 a - a +0 shortbow (weapon)
Armour
 c - a +0 leather armour (worn)
Scrolls
 b - a scroll of immolation
 d - a scroll of teleportation {unknown}


   Skills:
 + Level 2.5 Fighting
 * Level 4.8 Ranged Weapons
 + Level 2.8 Dodging
 + Level 1.1 Stealth


You had 2 spell levels left.
You didn't know any spells.
Your spell library contained the following spells:

 Spells                   Type           Power      Damage    Failure   Level
 Magic Dart               Conj           0%         1d3       41%         1
 Call Imp                 Summ           0%         N/A       56%         2
 Call Canine Familiar     Summ           0%         N/A       80%         3
 Mephitic Cloud           Conj/Pois/Air  0%         N/A       80%         3
 Portal Projectile        Hex/Tloc       0%         N/A       80%         3
 Leda's Liquefaction      Hex/Erth       0%         N/A       99%         4


Dungeon Overview and Level Annotations

Branches:
Dungeon (2/15) Zot: 899

Altars:


Innate Abilities, Weirdness & Mutations

You passively map a small area around you.
You are easily found by Zot.
You glow in the dark.
You regain HP and MP as you explore.


Message History

You kill the kobold!
d - a scroll labelled VEESCHAU VOFOPN No target in view!
No target in view!
Things that are here:
a +0 short sword; 2 stones; a kobold corpse
There is an escape hatch in the floor here.
A ball python comes into view.
Found a spear.
The ball python hisses angrily.
A ball python is nearby!
You shoot an arrow. The arrow hits the ball python.
You kill the ball python!
No target in view!
There is an escape hatch in the floor here.
You slide downwards.
The hatch slams shut behind you.
The gnoll shouts! x3; You hear a shout!
Found 8 gold pieces, a scroll labelled VEESCHAU VOFOPN and a glowing scarf.
There are monsters nearby!
The gnoll hits you but does no damage.
A goblin comes into view. It is wielding a +0 dagger.
The gnoll misses you.
You shoot an arrow. The arrow barely misses the gnoll.
The gnoll hits you but does no damage.
You shoot an arrow. The arrow hits the gnoll!
The gnoll is almost dead.
The gnoll hits you from afar with a +0 halberd!
The gnoll hits you from afar with a +0 spear.
You shoot an arrow. The arrow hits the goblin!
You kill the goblin!
The gnoll barely misses you. The gnoll closely misses you.
Unknown command.
You shoot an arrow. The arrow hits the gnoll.
The gnoll is heavily wounded.
The gnoll closely misses you.
The gnoll hits you from afar with a +0 spear!
The gnoll barely misses you. x2; The gnoll hits you with a +0 whip!
* * * LOW HITPOINT WARNING * * *
The gnoll hits you from afar with a +0 halberd!
You die...

* * , #.* .# , #
#. *.#,.
#.##.###.#.# .
##.#......#.#..*
, *
...?......... ,
,,#.....$#.# * ,
#..##g.g....#,#
*
#......g..#....
,
#.....#@......#
#......)###.###
* #........ ,..
* #.......##*, .
##.....[# , ,
#....... ,
#.....#. * ,
#....# .


You could see 3 gnolls.

Vanquished Creatures
  2 endoplasms (D:1)
  2 goblins
  A hobgoblin (D:1)
  3 jackals (D:1)
  2 ball pythons (D:1)
  2 bats (D:1)
  A frilled lizard (D:1)
  4 kobolds (D:1)
  2 rats (D:1)
19 creatures vanquished.

Notes
Turn   | Place    | Note
-------+----------+-------------------------------------------
     0 | D:1      | Zeld the Meteoran Hunter began the quest for the Orb.
     0 | D:1      | Reached XP level 1. HP: 17/17 MP: 2/2
    85 | D:1      | Reached XP level 2. HP: 21/24 MP: 3/3
   117 | D:1      | Reached skill level 1 in Stealth
   186 | D:1      | Reached XP level 3. HP: 30/30 MP: 4/4
   198 | D:1      | Found a faded altar of an unknown god.
   286 | D:2      | Mangled by a gnoll

Illustrated notes

Levels and vault maps discovered:
D:1:      evilmike_arrival_rings, layout_rooms, basic_ecumenical_altar,
          minmay_misc_feat_more_columns
D:2:      layout_loops_ring, serial_shops, shop_coins

Skill      XL: |  1  2 |
---------------+-------+-----
Stealth        | 1 |  1.1
Fighting       | |  2.5
Ranged Weapons | |  4.8
Dodging        | |  2.8

Action                   || total
-------------------------++-------
 Fire: Shortbow          ||    45
Armor: Leather armour    ||     9
Dodge: Dodged            ||    16
